3A
DELAWARE 1787 BC @ IDAHO FALLS CHUKARS
06/02/2026
 
TOP OF THE 1ST
Delaware 1787 BC batting - Pitching for Idaho Falls Chukars : RHP Juan Ordóñez
Pitching: RHP Juan Ordóñez
Batting: RHB Damon Grinter 0-0: Ball
1-0: Foul Ball, location: 2F
1-1: Ball
2-1: DOUBLE (Groundball, 5L)
Batting: RHB Kevin Malone 0-0: Ball
1-0: Swinging Strike
1-1: Foul Ball, location: 2F
1-2: Ball
2-2: Foul Ball, location: 2F
2-2: Strikes out swinging
Batting: LHB Francisco García 0-0: Ball
1-0: SINGLE (Line Drive, 89S)
Damon Grinter to third
Runner from 3rd tries for Home, SAFE, no throw
Batting: RHB Thurman Blumer 0-0: Called Strike
0-1: Ball
1-1: Ball
2-1: Ball
3-1: Foul Ball, location: 2F
3-2: Grounds into double play, 6-4-3 (Groundball, 6)
Top of the 1st over - 1 run(s), 2 hit(s), 0 error(s), 0 left on base; Delaware 1 - Idaho Falls 0
BOTTOM OF THE 1ST
Idaho Falls Chukars batting - Pitching for Delaware 1787 BC : LHP Will Hoffman
Pitching: LHP Will Hoffman
Batting: LHB Juan Rosado 0-0: SINGLE (Groundball, 34S) (infield hit)
Batting: RHB Leon Carlisle 0-0: Ball
1-0: Ball
2-0: Called Strike
2-1: SINGLE (Groundball, 56D)
Juan Rosado to second
Batting: SHB Jorge Colón 0-0: Called Strike
0-1: 3-RUN HOME RUN (Flyball, 78XD), Distance : 439 ft
Batting: RHB Christian Gentry 0-0: Ball
1-0: Ball
2-0: Swinging Strike
2-1: Foul Ball, location: 2F
2-2: Fly out, F7 (Flyball, 78D)
Batting: SHB Félix Medina 0-0: Swinging Strike
0-1: Foul Ball, location: 2F
0-2: Ball
1-2: Ball
2-2: Ball
3-2: Strikes out swinging
Batting: RHB Dam Son 0-0: Ball
1-0: Foul Ball, location: 2F
1-1: Ball
2-1: Foul Ball, location: 2F
2-2: SINGLE (Groundball, 6D)
Batting: LHB Víctor Puente 0-0: Called Strike
0-1: Swinging Strike
0-2: Ball
1-2: Foul Ball, location: 2F
1-2: Strikes out looking
Bottom of the 1st over - 3 run(s), 4 hit(s), 0 error(s), 1 left on base; Delaware 1 - Idaho Falls 3
TOP OF THE 2ND
Delaware 1787 BC batting - Pitching for Idaho Falls Chukars : RHP Juan Ordóñez
Batting: LHB Ward Wilberfoss 0-0: Ball
1-0: SINGLE (Groundball, 4MD)
Batting: RHB Alejandro Sánchez 0-0: Ball
Passed Ball!
Ward Wilberfoss to second
1-0: Foul Ball, location: 2F
1-1: Ball
2-1: Foul Ball, location: 2F
2-2: Ball
3-2: Strikes out swinging
Batting: RHB Freddy Barclay 0-0: Called Strike
0-1: Called Strike
0-2: Ball
1-2: Foul Ball, location: 2F
1-2: Strikes out swinging
Batting: RHB Eddie McDoom 0-0: Ball
1-0: Ball
2-0: Ball
3-0: Base on Balls
Batting: RHB Cristóbal García 0-0: Ball
1-0: Ball
2-0: Foul Ball, location: 2F
2-1: Ball
3-1: Called Strike
3-2: Base on Balls
Ward Wilberfoss to third
Eddie McDoom to second
Batting: RHB Damon Grinter 0-0: Called Strike
0-1: Ball
1-1: Called Strike
1-2: Ball
2-2: Foul Ball, location: 2F
2-2: Strikes out swinging
Top of the 2nd over - 0 run(s), 1 hit(s), 0 error(s), 3 left on base; Delaware 1 - Idaho Falls 3
BOTTOM OF THE 2ND
Idaho Falls Chukars batting - Pitching for Delaware 1787 BC : LHP Will Hoffman
Batting: RHB Spencer Lyng 0-0: Called Strike
0-1: Foul Ball, location: 2F
0-2: Ball
1-2: Strikes out looking
Batting: LHB Shelby Noonan 0-0: Ground out 4-3 (Groundball, 4)
Batting: LHB Juan Rosado 0-0: Called Strike
0-1: Ball
1-1: Foul Ball, location: 2F
1-2: Ground out 3-1 (Groundball, 34)
Bottom of the 2nd over - 0 run(s), 0 hit(s), 0 error(s), 0 left on base; Delaware 1 - Idaho Falls 3
TOP OF THE 3RD
Delaware 1787 BC batting - Pitching for Idaho Falls Chukars : RHP Juan Ordóñez
Batting: RHB Kevin Malone 0-0: Called Strike
0-1: Ball
1-1: Ball
2-1: Fly out, F7 (Flyball, 7S)
Batting: LHB Francisco García 0-0: Ball
1-0: Ball
2-0: SOLO HOME RUN (Flyball, 7LD), Distance : 360 ft
Batting: RHB Thurman Blumer 0-0: Ball
1-0: Fly out, F9 (Flyball, 9S)
Batting: LHB Ward Wilberfoss 0-0: SINGLE (Line Drive, 6D)
Batting: RHB Alejandro Sánchez 0-0: Ball
1-0: Foul Ball, location: 2F
1-1: Fly out, F6 (Line Drive, 6)
Top of the 3rd over - 1 run(s), 2 hit(s), 0 error(s), 1 left on base; Delaware 2 - Idaho Falls 3
BOTTOM OF THE 3RD
Idaho Falls Chukars batting - Pitching for Delaware 1787 BC : LHP Will Hoffman
Batting: RHB Leon Carlisle 0-0: Ball
1-0: Swinging Strike
1-1: Ball
2-1: Called Strike
2-2: Ball
3-2: Ground out 5-3 (Groundball, 5)
Batting: SHB Jorge Colón 0-0: Ball
1-0: Foul Ball, location: 2F
1-1: Fly out, F9 (Flyball, 89S)
Batting: RHB Christian Gentry 0-0: Called Strike
0-1: Foul Ball, location: 2F
0-2: Foul Ball, location: 2F
0-2: Ball
1-2: Foul Ball, location: 2F
1-2: Ball
2-2: Ball
3-2: Base on Balls
Batting: SHB Félix Medina Pickoff Throw to First - Out!
Bottom of the 3rd over - 0 run(s), 0 hit(s), 0 error(s), 0 left on base; Delaware 2 - Idaho Falls 3
TOP OF THE 4TH
Delaware 1787 BC batting - Pitching for Idaho Falls Chukars : RHP Juan Ordóñez
Batting: RHB Freddy Barclay 0-0: Fly out, F8 (Flyball, 78S)
Batting: RHB Eddie McDoom 0-0: Fly out, F8 (Flyball, 89M)
Batting: RHB Cristóbal García 0-0: Ground out 4-3 (Groundball, 4S)
Top of the 4th over - 0 run(s), 0 hit(s), 0 error(s), 0 left on base; Delaware 2 - Idaho Falls 3
BOTTOM OF THE 4TH
Idaho Falls Chukars batting - Pitching for Delaware 1787 BC : LHP Will Hoffman
Batting: SHB Félix Medina 0-0: Ball
1-0: Swinging Strike
1-1: Called Strike
1-2: Ball
2-2: Ground out 6-3 (Groundball, 6S)
Batting: RHB Dam Son 0-0: SINGLE (Groundball, 56D)
Batting: LHB Víctor Puente 0-0: SINGLE (Flyball, 6MD)
Dam Son to second
Batting: RHB Spencer Lyng 0-0: Called Strike
0-1: Swinging Strike
0-2: Strikes out swinging
Batting: LHB Shelby Noonan 0-0: Ball
1-0: SINGLE (Groundball, 56D)
Dam Son to third
Víctor Puente to second
Runner from 3rd tries for Home, SAFE, no throw
Batting: LHB Juan Rosado 0-0: Called Strike
0-1: Foul Ball, location: 2F
0-2: Ball
1-2: Ball
2-2: Ball
3-2: Foul Ball, location: 2F
3-2: Foul Ball, location: 2F
3-2: SINGLE (Line Drive, 9LS)
Víctor Puente to third
Shelby Noonan to second
Víctor Puente scores
Shelby Noonan to third
Batting: RHB Leon Carlisle 0-0: Foul Ball, location: 2F
0-1: Ground out 1-3 (Groundball, 13)
Bottom of the 4th over - 2 run(s), 4 hit(s), 0 error(s), 2 left on base; Delaware 2 - Idaho Falls 5
TOP OF THE 5TH
Delaware 1787 BC batting - Pitching for Idaho Falls Chukars : RHP Juan Ordóñez
Batting: RHB Damon Grinter 0-0: Called Strike
0-1: Ball
1-1: Foul Ball, location: 2F
1-2: Ball
2-2: Ball
3-2: Base on Balls
Batting: RHB Kevin Malone 0-0: Called Strike
0-1: Ball
1-1: Bunted foul
1-2: SINGLE (Groundball, 6MD)
Damon Grinter to second
Runner from 2nd tries for 3rd, SAFE, no throw
Batting: LHB Francisco García 0-0: Ground out 5-3 (Groundball, 56S)
Damon Grinter scores
Kevin Malone to second
Batting: RHB Thurman Blumer 0-0: Called Strike
0-1: Ball
1-1: Ground out 4-3 (Groundball, 4)
Kevin Malone to third
Batting: LHB Ward Wilberfoss 0-0: Foul Ball, location: 2F
0-1: Ball
1-1: Foul Ball, location: 2F
1-2: Foul Ball, location: 2F
1-2: Strikes out looking
Top of the 5th over - 1 run(s), 1 hit(s), 0 error(s), 1 left on base; Delaware 3 - Idaho Falls 5
BOTTOM OF THE 5TH
Idaho Falls Chukars batting - Pitching for Delaware 1787 BC : LHP Will Hoffman
Batting: SHB Jorge Colón 0-0: Called Strike
0-1: Ball
1-1: Fly out, F9 (Flyball, 9)
Batting: RHB Christian Gentry 0-0: Ground out 5-3 (Groundball, 5)
Batting: SHB Félix Medina 0-0: Called Strike
0-1: Ball
1-1: Fly out, F9 (Flyball, 9S)
Bottom of the 5th over - 0 run(s), 0 hit(s), 0 error(s), 0 left on base; Delaware 3 - Idaho Falls 5
TOP OF THE 6TH
Delaware 1787 BC batting - Pitching for Idaho Falls Chukars : RHP Juan Ordóñez
Batting: RHB Alejandro Sánchez 0-0: SINGLE (Line Drive, 56D)
Batting: RHB Freddy Barclay 0-0: Swinging Strike
0-1: Ball
1-1: SINGLE (Groundball, 56D)
Alejandro Sánchez to second
Batting: RHB Eddie McDoom 0-0: Sac Bunt - play at third, runner OUT! 1-5
Freddy Barclay to second
Batting: RHB Cristóbal García 0-0: Called Strike
0-1: Swinging Strike
0-2: Strikes out swinging
Pitching: RHP Poto Scacceri
Batting: RHB Damon Grinter 0-0: DOUBLE (Flyball, 78D)
Freddy Barclay scores
Eddie McDoom to third
Batting: RHB Kevin Malone 0-0: Called Strike
Balk!
Eddie McDoom scores
Damon Grinter to third
0-1: Foul Ball, location: 2F
0-2: Strikes out swinging
Top of the 6th over - 2 run(s), 3 hit(s), 0 error(s), 1 left on base; Delaware 5 - Idaho Falls 5
BOTTOM OF THE 6TH
Idaho Falls Chukars batting - Pitching for Delaware 1787 BC : LHP Will Hoffman
Batting: RHB Dam Son 0-0: Called Strike
0-1: Fly out, F8 (Flyball, 8LM)
Batting: LHB Víctor Puente 0-0: Ball
1-0: SINGLE (Flyball, 89S)
Batting: RHB Spencer Lyng 0-0: Ball
1-0: Called Strike
1-1: Ball
2-1: Foul Ball, location: 2F
2-2: Fly out, F8 (Flyball, 8RM)
Batting: LHB Shelby Noonan 0-0: Ball
1-0: Ball
2-0: Ground out U3 (Groundball, 34)
Bottom of the 6th over - 0 run(s), 1 hit(s), 0 error(s), 1 left on base; Delaware 5 - Idaho Falls 5
TOP OF THE 7TH
Delaware 1787 BC batting - Pitching for Idaho Falls Chukars : RHP Poto Scacceri
Batting: LHB Francisco García 0-0: Swinging Strike
0-1: Fly out, F7 (Flyball, 78S)
Batting: RHB Thurman Blumer 0-0: Called Strike
0-1: Ground out 4-3 (Groundball, 34)
Batting: LHB Ward Wilberfoss 0-0: Called Strike
0-1: Called Strike
0-2: Ball
1-2: Ball
2-2: Strikes out swinging
Top of the 7th over - 0 run(s), 0 hit(s), 0 error(s), 0 left on base; Delaware 5 - Idaho Falls 5
BOTTOM OF THE 7TH
Idaho Falls Chukars batting - Pitching for Delaware 1787 BC : LHP Will Hoffman
Pinch Hitting: RHB Scott Ramsey 0-0: Foul Ball, location: 2F
0-1: Ball
1-1: Ball
2-1: Called Strike
2-2: Strikes out swinging
Batting: RHB Leon Carlisle 0-0: Ball
1-0: Fly out, F9 (Line Drive, 89D)
Batting: SHB Jorge Colón 0-0: Ball
1-0: Called Strike
1-1: Ball
2-1: Foul Ball, location: 2F
2-2: Ball
3-2: Fly out, F8 (Flyball, 8RS)
Bottom of the 7th over - 0 run(s), 0 hit(s), 0 error(s), 0 left on base; Delaware 5 - Idaho Falls 5
TOP OF THE 8TH
Delaware 1787 BC batting - Pitching for Idaho Falls Chukars : RHP Poto Scacceri
Now at 2B: Jason Adomo
Pinch Hitting: LHB Chase Popoff 0-0: Ball
1-0: Foul Ball, location: 2F
1-1: Foul Ball, location: 2F
1-2: Strikes out swinging
Pinch Hitting: LHB Jim Unknown 0-0: Called Strike
0-1: Called Strike
0-2: Ball
1-2: Ball
2-2: Strikes out swinging
Batting: RHB Eddie McDoom 0-0: Ball
1-0: Ground out 4-3 (Groundball, 4)
Top of the 8th over - 0 run(s), 0 hit(s), 0 error(s), 0 left on base; Delaware 5 - Idaho Falls 5
BOTTOM OF THE 8TH
Idaho Falls Chukars batting - Pitching for Delaware 1787 BC : LHP Will Hoffman
Now at 1B: Chase Popoff
Now at 3B: Arturo Urquiza
Pinch Hitting: RHB Tan Bal 0-0: Ball
1-0: Ball
2-0: Swinging Strike
2-1: Ball
3-1: Base on Balls
Batting: SHB Félix Medina 0-0: Ball
1-0: Ball
2-0: Called Strike
2-1: Foul Ball, location: 2F
2-2: Fielders Choice at 2nd, 6-4 (Groundball, 6)
Pinch Hitting: RHB Alexandre Keeping 0-0: Fly out, F7 (Flyball, 78M)
Pinch Hitting: RHB Alejandro Herrera 0-0: Ball
1-0: Foul Ball, location: 2F
1-1: Ball
2-1: Foul Ball, location: 2F
2-2: Ball
3-2: Ground out 2-3 (Groundball, 15S)
Bottom of the 8th over - 0 run(s), 0 hit(s), 0 error(s), 1 left on base; Delaware 5 - Idaho Falls 5
TOP OF THE 9TH
Delaware 1787 BC batting - Pitching for Idaho Falls Chukars : RHP Poto Scacceri
Pitching: RHP Paco Manuel
Now at 1B: Erwin Chapman
Now at SS: Alexandre Keeping
Now in RF: Jesús López
Batting: RHB Cristóbal García 0-0: Called Strike
0-1: Called Strike
0-2: Ball
1-2: Strikes out swinging
Batting: RHB Damon Grinter 0-0: Called Strike
0-1: Ball
1-1: Swinging Strike
1-2: Ball
2-2: Strikes out swinging
Batting: RHB Kevin Malone 0-0: Called Strike
0-1: Called Strike
0-2: Strikes out swinging
Top of the 9th over - 0 run(s), 0 hit(s), 0 error(s), 0 left on base; Delaware 5 - Idaho Falls 5
BOTTOM OF THE 9TH
Idaho Falls Chukars batting - Pitching for Delaware 1787 BC : LHP Will Hoffman
Pitching: LHP Doppo Omikado
Batting: RHB Spencer Lyng 0-0: Ball
1-0: Foul Ball, location: 2F
1-1: Foul Ball, location: 2F
1-2: Ball
2-2: Ball
3-2: Foul Ball, location: 2F
3-2: Base on Balls
Batting: LHB Shelby Noonan 0-0: Ball
1-0: Ball
2-0: Bunted foul
2-1: Called Strike
Spencer Lyng steals 2nd base
2-2: Ball
3-2: Intentional Walk
Pinch Hitting: RHB Jonah Cooney 0-0: Fly out, F8 (Flyball, 8RXD)
Runner from 2nd tags up, SAFE at 3rd, no throw
Batting: RHB Leon Carlisle 0-0: Foul Ball, location: 2F
0-1: Fielders Choice at home, 6-2 (Groundball, 6M)
Shelby Noonan to second
Pinch Runner at 2nd José López:
Batting: SHB Jorge Colón 0-0: Fly out, F9 (Flyball, 9LSF)
Bottom of the 9th over - 0 run(s), 0 hit(s), 0 error(s), 2 left on base; Delaware 5 - Idaho Falls 5
TOP OF THE 10TH
Delaware 1787 BC batting - Pitching for Idaho Falls Chukars : RHP Paco Manuel
Now at 2B: Stewart Smart
Batting: LHB Francisco García 0-0: Ball
1-0: Swinging Strike
1-1: Ball
2-1: Foul Ball, location: 2F
2-2: Ball
3-2: Strikes out swinging
Batting: RHB Thurman Blumer 0-0: Called Strike
0-1: Ball
1-1: Ball
2-1: Ball
3-1: Base on Balls
Batting: LHB Ward Wilberfoss 0-0: Swinging Strike
0-1: Ball
1-1: Ball
2-1: Fielders Choice at 2nd, 1-6 (Groundball, P)
Batting: LHB Chase Popoff 0-0: Foul Ball, location: 2F
0-1: Called Strike
0-2: Foul Ball, location: 2F
0-2: Foul Ball, location: 2F
0-2: Strikes out swinging
Top of the 10th over - 0 run(s), 0 hit(s), 0 error(s), 1 left on base; Delaware 5 - Idaho Falls 5
BOTTOM OF THE 10TH
Idaho Falls Chukars batting - Pitching for Delaware 1787 BC : LHP Doppo Omikado
Batting: RHB Erwin Chapman 0-0: Ball
1-0: Swinging Strike
1-1: Ball
2-1: Ball
3-1: SINGLE (Flyball, 7LM)
Batting: SHB Félix Medina 0-0: SINGLE (Line Drive, 7LS)
Erwin Chapman to second
Pinch Runner at 2nd Shannon Stevens:
Batting: RHB Alexandre Keeping 0-0: Sac Bunt - play at first, batter OUT! 2-4
Shannon Stevens to third
Félix Medina to second
Pinch Hitting: RHB Phil Pendleton 0-0: Intentional Walk
Batting: RHB Spencer Lyng 0-0: Called Strike
0-1: Swinging Strike
0-2: Strikes out looking
Batting: SHB José López 0-0: Ball
1-0: Called Strike
1-1: Fly out, F8 (Flyball, 8LD)
Bottom of the 10th over - 0 run(s), 2 hit(s), 0 error(s), 3 left on base; Delaware 5 - Idaho Falls 5
TOP OF THE 11TH
Delaware 1787 BC batting - Pitching for Idaho Falls Chukars : RHP Paco Manuel
Pitching: RHP Russ Melton
Now at 1B: Phil Pendleton
Now in RF: Fytor Ceia
Pinch Hitting: RHB Dave Cohan 0-0: Ball
1-0: Called Strike
1-1: Foul Ball, location: 2F
1-2: Strikes out looking
Batting: RHB Eddie McDoom 0-0: Ball
1-0: SOLO HOME RUN (Line Drive, 78XD), Distance : 438 ft
Batting: RHB Cristóbal García 0-0: Swinging Strike
0-1: Ball
1-1: Called Strike
1-2: Ball
2-2: SINGLE (Line Drive, 9S)
Batting: RHB Damon Grinter 0-0: Ball
1-0: Called Strike
1-1: Ball
2-1: SINGLE (Groundball, 4MD)
Cristóbal García to second
Batting: RHB Kevin Malone 0-0: Ball
1-0: Called Strike
1-1: Ball
2-1: Ball
3-1: Foul Ball, location: 2F
3-2: Strikes out looking
Batting: LHB Francisco García 0-0: Called Strike
0-1: Foul Ball, location: 2F
0-2: Ball
1-2: Foul Ball, location: 2F
1-2: Fielders Choice at 2nd, 5-4 (Groundball, 56)
Top of the 11th over - 1 run(s), 3 hit(s), 0 error(s), 1 left on base; Delaware 6 - Idaho Falls 5
BOTTOM OF THE 11TH
Idaho Falls Chukars batting - Pitching for Delaware 1787 BC : LHP Doppo Omikado
Pitching: RHP Ángelo Guerra
Now at 3B: Héctor Flores
Batting: SHB Stewart Smart 0-0: Called Strike
0-1: Ground out U3 (Groundball, 34S)
Batting: RHB Leon Carlisle 0-0: Ball
1-0: Fly out, F7 (Flyball, 7S)
Batting: SHB Jorge Colón 0-0: Ball
1-0: Foul Ball, location: 2F
1-1: Foul Ball, location: 2F
1-2: SINGLE (Groundball, 34D)
Batting: RHB Fytor Ceia 0-0: Called Strike
0-1: Ball
1-1: Ball
2-1: Foul Ball, location: 2F
2-2: Foul Ball, location: 2F
2-2: Strikes out swinging
Bottom of the 11th over - 0 run(s), 1 hit(s), 0 error(s), 1 left on base; Delaware 6 - Idaho Falls 5
Monday, March 20th, 2017 - OOTP Baseball 17.12 Build 75